Map: Sentinel CE

Players

Wlodziu - Winner!

  • Race: Zerg Zerg
  • Spawn Location: 12:00

Leon - Winner!

  • Race: Zerg Zerg
  • Spawn Location: 9:00

Iceberg - Winner!

  • Race: Protoss Protoss
  • Spawn Location: 9:00

Naidden

  • Race: Terran Terran
  • Spawn Location: 5:00

ADYGENIUS

  • Race: Terran Terran
  • Spawn Location: 6:00

Zozi

  • Race: Protoss Protoss
  • Spawn Location: 5:00

VOD

Have the link to the VOD?

Description

Time

  • Played on: Feb. 1, 2026, 1:23 p.m.
  • Length: 12:31
Show
View Real Time Build Order
Export as new Build Order

Wlodziu Zerg - Winner!

Build Orders: Hatch First 

Get SALT Encoding   

  12  0:01  Drone  
  13  0:13  Overlord  
  13  0:23  Drone  
  14  0:36  Drone x3  
  17  0:53  Hatchery  
  17  0:56  Drone  
  17  1:01  Extractor  
  16  1:05  Drone  
  17  1:42  Spawning Pool  
  17  1:45  Drone x3  
  19  2:22  Drone  
  20  2:23  Overlord  
  20  2:26  Drone x3  
  23  2:30  Queen  
  23  2:31  Queen  
  27  2:50  Drone x2  
  27  2:51  Drone x3  
  32  3:01  Zergling x2  
  33  3:09  Queen  
  35  3:18  Metabolic Boost  
  35  3:20  Overlord  
  35  3:21  Overlord  
  35  3:37  Queen  
  35  3:40  Drone x4  
  35  3:41  Drone  
  42  3:57  Drone x7  
  42  4:01  Extractor  
  48  4:08  Evolution Chamber x2  
  48  4:09  Extractor  
  45  4:10  Roach Warren  
  45  4:13  Extractor  
  43  4:52  Zerg Missile Weapons Level 1  
  43  4:53  Zerg Ground Armor Level 1  
  43  4:54  Lair  
  43  4:57  Overlord x3  
  43  4:58  Drone  
  43  4:59  Drone x8  
  52  5:12  Spore Crawler  
  51  5:14  Spore Crawler  
  50  5:29  Roach  
  50  5:30  Roach x10  
  72  5:59  Roach x2  
  76  6:05  Overlord x3  
  76  6:08  Pneumatized Carapace  
  76  6:16  Hydralisk Den  
  75  6:18  Overseer  
  75  6:21  Overseer  
  75  6:27  Overseer  
  75  6:31  Roach x6  
  87  6:36  Overlord  
  87  6:37  Overlord  
  87  6:51  Muscular Augments  
  87  7:20  Roach x12  
  111  7:32  Infestation Pit  
  110  7:38  Zerg Missile Weapons Level 2  
  110  7:55  Grooved Spines  
  110  7:56  Hatchery  
  109  8:02  Extractor  
  109  8:05  Extractor  
  107  8:17  Zerg Ground Armor Level 2  
  107  8:18  Hydralisk x2  
  107  8:19  Hydralisk  
  113  8:25  Drone x2  
  113  8:26  Drone  
  116  8:31  Overlord x4  
  116  8:32  Overlord  
  116  8:42  Overlord  
  101  9:00  Overseer  
  101  9:02  Ravager  
  78  9:23  Hydralisk x4  
  78  9:24  Hydralisk x5  
  65  9:43  Zergling x2  
  65  9:44  Zergling x6  
  69  9:48  Hive  
  69  10:01  Hydralisk x8  
  69  10:05  Zergling x2  
  69  10:06  Zergling x12  
  88  10:32  Drone x2  
  90  10:40  Hydralisk x2  
  90  10:41  Hydralisk x5  
  104  11:24  Hydralisk  
  104  11:25  Hydralisk x12  
  103  11:28  Zergling x2  
  103  11:30  Zergling x2  
  93  12:00  Hydralisk x6  
  105  12:02  Zergling x2  
  105  12:03  Zergling x2  
  107  12:16  Drone x6  
Show
View Real Time Build Order
Export as new Build Order

Leon Zerg - Winner!

Build Orders: Hatch First 

Get SALT Encoding   

  12  0:01  Drone  
  13  0:19  Overlord  
  13  0:23  Drone  
  14  0:40  Drone  
  14  0:41  Drone  
  16  0:55  Drone  
  17  0:58  Extractor  
  17  1:03  Hatchery  
  15  1:11  Drone  
  16  1:17  Spawning Pool  
  15  1:19  Drone  
  16  1:38  Drone x2  
  16  1:39  Drone  
  19  2:04  Queen  
  21  2:16  Queen  
  21  2:19  Zergling x4  
  25  2:25  Overlord  
  25  2:26  Drone x2  
  27  2:30  Metabolic Boost  
  27  2:32  Drone  
  28  2:45  Drone x2  
  31  2:58  Drone  
  31  3:00  Extractor  
  30  3:07  Lair  
  30  3:23  Drone x3  
  30  3:24  Overlord  
  30  3:25  Drone  
  30  3:26  Drone x2  
  36  3:35  Baneling Nest, Drone  
  36  3:58  Overlord  
  36  4:04  Spore Crawler  
  36  4:06  Spore Crawler, Drone  
  36  4:07  Drone x6  
  41  4:11  Drone  
  42  4:22  Zergling x6  
  45  4:25  Baneling x3  
  45  4:26  Baneling  
  45  4:27  Zergling x4  
  45  4:30  Centrifugal Hooks  
  47  4:31  Drone x2  
  47  4:33  Extractor  
  47  4:35  Extractor  
  47  4:38  Overlord  
  47  4:46  Queen  
  47  4:47  Hatchery  
  48  5:13  Overlord  
  49  5:14  Drone  
  49  5:15  Drone x5  
  49  5:17  Drone  
  55  5:21  Queen  
  55  5:27  Spire  
  56  5:44  Drone x3  
  59  5:53  Drone x2  
  61  6:00  Evolution Chamber  
  61  6:02  Evolution Chamber  
  59  6:04  Pneumatized Carapace  
  59  6:05  Overlord  
  59  6:13  Queen  
  59  6:16  Drone  
  59  6:17  Drone x9  
  71  6:18  Overlord  
  71  6:20  Overlord  
  71  6:34  Drone  
  71  6:35  Drone  
  71  6:37  Mutalisk x5  
  83  6:42  Zergling x2  
  84  6:50  Zerg Missile Weapons Level 1, Zerg Ground Armor Level 1  
  84  6:52  Zergling x6  
  87  6:57  Drone  
  87  6:58  Drone x2  
  87  6:59  Extractor  
  89  7:02  Extractor  
  89  7:06  Zergling x6  
  89  7:07  Zergling x2  
  92  7:10  Overlord  
  92  7:12  Baneling  
  92  7:13  Baneling x3  
  92  7:16  Hatchery  
  92  7:22  Spore Crawler  
  90  7:24  Drone  
  90  7:25  Drone x2  
  90  7:27  Drone x5  
  90  7:29  Overlord  
  98  7:30  Overlord  
  98  7:49  Mutalisk x4  
  98  7:50  Mutalisk x3  
  112  7:52  Mutalisk  
  114  8:05  Drone  
  114  8:06  Drone x4  
  114  8:07  Overlord x2  
  114  8:08  Overlord  
  114  8:11  Baneling x2  
  119  8:14  Baneling  
  119  8:33  Queen  
  121  8:47  Infestation Pit  
  120  8:50  Extractor  
  119  8:55  Extractor  
  118  9:05  Mutalisk x3  
  118  9:06  Mutalisk x7  
  127  9:28  Overseer x2  
  123  9:35  Zergling x8  
  123  9:36  Zergling x34  
  123  9:38  Zerg Ground Armor Level 2, Zerg Missile Weapons Level 2  
  144  9:45  Drone  
  145  9:59  Hive  
  141  10:24  Zergling x20  
  141  10:25  Zergling x2  
  141  10:27  Overlord x4  
  141  10:28  Overlord x2  
  152  10:36  Overlord x2  
  152  10:59  Spire  
  152  11:00  Spire  
  152  11:03  Mutalisk x8  
  152  11:04  Mutalisk x5  
  153  11:07  Zergling x2  
  153  11:08  Zergling x20  
  181  11:17  Drone x2  
  183  11:31  Corruptor x5  
  183  11:32  Corruptor  
  168  11:58  Zergling x2  
  168  11:59  Zergling x30  
Show
View Real Time Build Order
Export as new Build Order

Iceberg Protoss - Winner!

Build Orders: 1 Gate Expand, Blink Stalkers 

Get SALT Encoding   

  12  0:00  Probe  
  13  0:12  Probe  
  14  0:18  Pylon  
  14  0:21  Probe  
  15  0:32  Probe  
  16  0:43  Probe  
  16  0:46  Gateway  
  17  0:55  Probe  
  17  0:56  Assimilator  
  18  1:03  Probe  
  18  1:11  Probe  
  20  1:22  Probe  
  20  1:24  Assimilator  
  21  1:34  Probe  
  21  1:36  Nexus  
  22  1:43  Pylon  
  22  1:52  Cybernetics Core  
  22  1:54  Probe  
  23  2:06  Probe  
  24  2:12  Gateway  
  24  2:18  Warp Gate, Probe  
  24  2:20  Pylon  
  25  2:30  Probe  
  26  2:37  Stalker  
  26  2:43  Probe  
  29  2:49  Twilight Council  
  29  2:56  Pylon  
  29  2:58  Stalker  
  29  3:03  Probe  
  32  3:14  Probe  
  32  3:15  Probe  
  34  3:22  Forge, Blink  
  34  3:27  Probe  
  34  3:30  Pylon  
  34  3:33  Protoss Ground Weapons Level 1  
  35  3:39  Stalker  
  35  3:43  Probe  
  35  3:45  Probe  
  39  3:57  Photon Cannon  
  39  4:02  Probe  
  40  4:06  Probe  
  41  4:14  Probe  
  42  4:17  Gateway  
  42  4:20  Gateway  
  42  4:24  Photon Cannon  
  42  4:28  Photon Cannon, Probe  
  42  4:31  Probe  
  44  4:41  Probe, Stalker  
  47  4:52  Nexus  
  47  4:56  Pylon  
  47  4:57  Probe  
  47  4:59  Probe  
  49  5:09  Probe  
  49  5:11  Probe  
  51  5:17  Assimilator  
  51  5:19  Assimilator  
  51  5:20  Stalker  
  51  5:21  Stalker  
  55  5:22  Probe  
  55  5:23  Probe  
  57  5:31  Protoss Shields Level 1  
  57  5:34  Probe  
  57  5:35  Probe  
  59  5:37  Forge  
  59  5:40  Pylon  
  59  5:42  Forge  
  59  5:43  Pylon  
  59  5:47  Probe  
  59  5:48  Probe  
  61  5:52  Protoss Ground Armor Level 1  
  61  6:05  Probe x3  
  61  6:06  Protoss Ground Weapons Level 2  
  64  6:14  Templar Archives  
  64  6:16  Dark Shrine  
  64  6:17  Probe x2  
  64  6:18  Probe  
  67  6:22  Zealot x2  
  71  6:29  Probe x2  
  71  6:32  Pylon  
  73  6:34  Pylon  
  73  6:39  Assimilator  
  73  6:41  Photon Cannon  
  73  6:43  Assimilator  
  73  6:44  Probe x2, Photon Cannon  
  73  6:46  Probe  
  76  6:57  Zealot x3  
  76  6:58  Zealot  
  76  7:00  Charge  
  84  7:06  Probe x3  
  87  7:20  Protoss Shields Level 2  
  87  7:21  High Templar x2  
  87  7:22  High Templar x2  
  95  7:24  Probe  
  95  7:25  Probe x2  
  98  7:37  Probe x3  
  100  7:39  Pylon  
  100  7:42  Pylon  
  101  7:49  Probe x2  
  103  7:53  Probe  
  104  8:01  Probe  
  105  8:05  Photon Cannon  
  105  8:07  Pylon, Protoss Ground Armor Level 2  
  105  8:17  Gateway  
  105  8:18  Gateway  
  105  8:20  Gateway x2  
  105  8:24  Nexus, Gateway x2  
  105  8:26  Gateway, Pylon  
  105  8:27  Pylon x2  
  105  8:28  Pylon x2  
  105  8:29  Pylon  
  105  8:33  Pylon, Dark Templar  
  105  8:34  Dark Templar x2  
  109  8:36  Zealot  
  109  8:39  Probe x3  
  116  8:51  Probe  
  117  8:59  Zealot  
  91  9:25  Zealot x3  
  91  9:26  Zealot x6  
  91  9:27  Zealot x2  
  91  9:31  Protoss Shields Level 3  
  103  9:37  Protoss Ground Weapons Level 3  
  101  9:46  High Templar x2  
  101  9:47  High Templar x6  
  101  9:48  High Templar x3  
  121  10:00  Archon x4  
  121  10:01  Archon  
  121  10:19  Zealot  
  121  10:20  Zealot x6  
  121  10:21  Zealot x4  
  143  10:40  Probe  
  144  10:42  Stalker  
  144  10:43  Stalker x3  
  144  10:44  Stalker x5  
  144  10:45  Stalker x2  
  166  10:52  Probe  
  129  11:04  Probe  
  129  11:09  Stalker x2  
  129  11:10  Stalker x6  
  142  11:12  Stalker  
  142  11:17  Probe  
  145  11:29  Probe  
  145  11:31  Zealot x2  
  142  11:48  Stalker x2  
  142  11:49  Stalker x5  
  142  11:50  Stalker x2  
  142  11:53  Probe  
  142  11:54  Probe  
  154  11:59  Assimilator  
  154  12:01  Assimilator  
  154  12:14  Zealot  
  154  12:15  Zealot x5  
  162  12:16  Zealot x4  
  162  12:17  Zealot  
Show
View Real Time Build Order
Export as new Build Order

Naidden Terran 

Build Orders:  

Get SALT Encoding   

  12  0:00  SCV  
  13  0:12  SCV  
  14  0:32  Supply Depot  
  14  0:41  SCV  
  15  0:53  SCV  
  16  0:59  Barracks  
  16  1:05  SCV  
  17  1:12  Barracks  
  17  1:13  Refinery  
  17  1:18  SCV  
  18  1:30  SCV  
  19  1:42  SCV  
  20  1:53  Command Center  
  20  1:57  Marine  
  21  2:02  Marine  
  21  2:06  Orbital Command  
  22  2:14  Marine  
  23  2:22  Barracks Tech Lab  
  23  2:31  Factory  
  23  2:35  Supply Depot  
  23  2:39  Refinery  
  23  2:43  Barracks Reactor  
  23  2:57  SCV  
  24  3:08  Engineering Bay  
  24  3:09  SCV  
  24  3:10  Marine  
  24  3:12  Orbital Command  
  26  3:19  Factory Tech Lab  
  26  3:21  Starport  
  26  3:25  Marine x2  
  28  3:32  SCV  
  29  3:35  Refinery  
  29  3:38  Stimpack  
  29  3:40  SCV  
  30  3:45  SCV  
  31  3:52  SCV  
  31  3:53  Missile Turret  
  32  3:58  SCV  
  32  3:59  Starport Reactor  
  33  4:05  SCV  
  33  4:08  Missile Turret  
  34  4:12  SCV  
  35  4:17  Marine x2, SCV  
  38  4:24  SCV  
  38  4:26  Siege Tank  
  42  4:37  Terran Infantry Weapons Level 1  
  42  4:44  Supply Depot  
  42  4:47  SCV  
  42  4:51  SCV  
  45  5:00  SCV  
  45  5:04  SCV  
  46  5:07  Supply Depot  
  46  5:12  SCV  
  47  5:14  Siege Tank  
  47  5:16  SCV, Medivac  
  47  5:17  Combat Shield  
  53  5:29  Medivac  
  53  5:32  Refinery, Supply Depot  
  55  5:38  SCV  
  55  5:41  Missile Turret  
  56  5:46  Siege Tank  
  59  5:54  Command Center  
  59  6:00  Barracks  
  59  6:01  Barracks  
  59  6:13  Factory  
  59  6:15  Marauder  
  59  6:17  Marine x2  
  63  6:24  SCV  
  64  6:35  Supply Depot  
  64  6:36  Marauder, Concussive Shells, SCV  
  67  6:42  Terran Infantry Armor Level 1  
  67  6:48  SCV  
  67  6:50  Armory  
  68  6:55  Engineering Bay  
  68  6:57  Marine  
  68  7:01  SCV  
  70  7:04  SCV  
  71  7:13  SCV  
  71  7:14  Liberator x2  
  78  7:16  SCV  
  78  7:22  Orbital Command  
  79  7:25  SCV  
  79  7:28  SCV  
  81  7:36  Supply Depot  
  81  7:37  SCV  
  82  7:45  Barracks Tech Lab x2  
  82  7:48  Supply Depot  
  82  7:53  Terran Ship Weapons Level 1  
  82  7:56  Armory  
  82  7:58  Factory Tech Lab  
  82  8:03  Terran Infantry Weapons Level 2  
  82  8:08  Marauder x2, Marine  
  87  8:14  Supply Depot  
  87  8:17  Marine  
  87  8:18  Marauder  
  87  8:19  SCV  
  91  8:22  Supply Depot  
  91  8:26  Marine  
  92  8:29  Marine  
  93  8:37  Supply Depot  
  93  9:14  Marine  
  93  9:15  Marine x4  
  75  9:32  Marine x2  
  75  9:33  Marine x3  
  80  9:39  Viking x2  
  84  9:50  Marine x3  
  84  9:51  Marine x2  
  89  10:00  Supply Depot  
  89  10:01  Siege Tank  
  89  10:02  Siege Tank  
  95  10:08  Marine x2  
  95  10:09  Marauder x3  
  95  10:10  Barracks  
  95  10:11  Supply Depot  
  103  10:15  Refinery  
  103  10:21  Starport  
  99  10:23  Starport, Supply Depot  
  99  10:24  Refinery  
  99  10:26  Marine x2  
  101  10:30  Marine x3  
  101  10:33  Supply Depot  
  101  10:34  Liberator x2  
  110  10:45  Fusion Core  
  110  10:47  Marine  
  84  11:09  Barracks Tech Lab  
  74  11:17  Liberator  
  77  11:19  Missile Turret  
  77  11:20  Supply Depot  
  70  11:38  Marauder  
  70  11:39  Marauder x2  
  74  11:42  Missile Turret  
Show
View Real Time Build Order
Export as new Build Order

ADYGENIUS Terran 

Build Orders:  

Get SALT Encoding   

  12  0:01  SCV  
  13  0:32  SCV  
  14  0:37  Supply Depot  
  14  0:44  SCV  
  14  0:45  Refinery  
  15  0:59  SCV  
  15  1:02  Barracks  
  16  1:12  SCV, Barracks  
  17  1:24  SCV  
  18  1:33  Refinery  
  18  1:36  SCV  
  19  1:50  Marine  
  20  2:02  Command Center  
  20  2:05  Barracks Tech Lab  
  20  2:08  SCV  
  20  2:11  Marine  
  22  2:27  Stimpack, Marine  
  23  2:31  Barracks Reactor  
  23  2:40  Supply Depot  
  23  2:49  Engineering Bay  
  23  3:01  Marine, SCV  
  25  3:10  Factory  
  25  3:12  Marine  
  25  3:13  SCV  
  27  3:25  SCV  
  28  3:27  Missile Turret  
  28  3:30  SCV  
  28  3:33  Marine  
  30  3:34  Marine  
  30  3:39  Marine  
  32  3:51  SCV  
  33  3:57  Marine  
  33  3:58  Marine  
  33  4:00  Factory Tech Lab  
  35  4:06  Combat Shield  
  35  4:07  Starport  
  35  4:13  Terran Infantry Weapons Level 1  
  35  4:20  Missile Turret  
  35  4:21  SCV  
  36  4:34  Siege Tank  
  39  4:40  Marauder, Marine  
  43  4:45  SCV  
  43  4:54  Orbital Command  
  43  4:57  SCV  
  44  5:02  Starport Reactor  
  44  5:09  SCV  
  45  5:15  Supply Depot  
  45  5:31  Marine  
  46  5:36  Marine  
  46  5:37  Siege Tank, Marauder  
  46  5:39  Armory  
  52  5:44  Medivac  
  52  5:45  Supply Depot  
  54  6:04  Supply Depot  
  54  6:06  SCV x2  
  54  6:09  Terran Infantry Armor Level 1  
  56  6:18  SCV x2  
  56  6:20  Medivac  
  60  6:26  Refinery  
  60  6:28  Refinery  
  60  6:30  SCV  
  60  6:31  Medivac  
  63  6:42  SCV  
  66  6:47  Hellbat  
  66  6:49  Marine x3  
  69  6:54  SCV  
  69  7:00  Orbital Command  
  70  7:08  Terran Vehicle Weapons Level 1  
  70  7:11  Supply Depot  
  70  7:32  SCV x2, Siege Tank  
  70  7:36  Supply Depot  
  75  7:44  SCV x2  
  77  7:55  Marine  
  77  7:58  Marine x2, SCV x2  
  82  7:59  Supply Depot  
  82  8:02  Terran Infantry Weapons Level 2  
  82  8:10  SCV x2  
  84  8:13  Marine  
  84  8:16  Marine  
  84  8:17  Barracks  
  86  8:20  Marine, Barracks  
  86  8:21  Supply Depot  
  86  8:22  SCV  
  88  8:30  Marine  
  89  8:34  SCV  
  89  8:39  Marine x2  
  92  8:46  SCV  
  93  8:48  Marine  
  94  8:57  Marine x2  
  94  8:58  SCV  
  97  9:06  Marine  
  91  9:23  Barracks Tech Lab, Marine x2  
  91  9:24  Marine x2  
  71  9:41  Marine x2  
  71  9:42  Marine  
  75  9:48  Barracks Reactor  
  75  9:50  Concussive Shells  
  74  9:56  Marine  
  74  9:59  Marine x3  
  78  10:14  Marine  
  78  10:17  Marine x2  
  78  10:19  Marine  
  78  10:32  Marine  
  78  10:35  Marine x2  
  81  10:37  Marine  
  81  10:39  Command Center  
  81  10:40  Marine  
  81  10:41  Marine  
  84  10:43  Siege Tank  
  84  10:45  Missile Turret  
  84  10:49  Factory, Medivac  
  89  10:50  Marine  
  89  10:52  Marine  
  89  10:53  Marine  
  89  10:55  Marine  
  93  10:58  Marine  
  94  11:05  Missile Turret  
  94  11:16  Engineering Bay  
  94  11:25  Missile Turret  
  94  11:32  Marine  
  94  11:33  Marine  
  94  11:34  Marine x2  
  94  11:35  Marine  
  94  11:36  Marine  
  72  11:50  Marine  
  72  11:51  Marine x2  
  72  11:52  Marine x2  
  72  11:53  Marine  
  69  12:08  Marine x2  
  62  12:09  Marine  
  62  12:10  Marine x2  
  62  12:11  Marine  
Show
View Real Time Build Order
Export as new Build Order

Zozi Protoss 

Build Orders: 1 Gate Expand 

Get SALT Encoding   

  12  0:00  Probe  
  13  0:14  Probe  
  14  0:24  Pylon  
  14  0:26  Probe  
  15  0:41  Probe  
  16  0:42  Gateway  
  16  0:49  Probe  
  16  0:52  Assimilator  
  17  0:57  Probe  
  18  1:08  Probe  
  19  1:16  Probe  
  20  1:33  Cybernetics Core  
  20  1:39  Probe  
  21  1:42  Nexus  
  21  1:50  Pylon  
  21  1:55  Assimilator  
  21  2:02  Probe  
  21  2:07  Stalker  
  22  2:11  Warp Gate  
  24  2:26  Probe  
  25  2:34  Probe  
  25  2:35  Robotics Facility  
  25  2:39  Stalker  
  25  2:43  Probe  
  29  2:54  Probe  
  29  2:55  Probe  
  31  3:02  Probe  
  31  3:07  Probe  
  31  3:08  Stalker  
  31  3:11  Probe  
  35  3:19  Probe  
  37  3:22  Probe  
  37  3:23  Pylon, Observer  
  39  3:30  Probe  
  39  3:31  Probe  
  41  3:38  Probe  
  41  3:43  Probe  
  43  3:50  Probe  
  43  3:55  Assimilator  
  44  3:56  Probe  
  44  3:58  Immortal  
  44  3:59  Assimilator  
  44  4:02  Probe  
  50  4:03  Stalker  
  50  4:08  Probe  
  50  4:09  Gateway  
  53  4:12  Gateway  
  53  4:19  Probe  
  54  4:39  Pylon  
  54  4:42  Pylon  
  54  4:48  Pylon  
  54  4:54  Pylon  
  54  4:57  Probe x2, Immortal, Pylon  
  60  5:06  Twilight Council  
  60  5:07  Forge  
  60  5:09  Probe x2  
  62  5:19  Robotics Bay  
  62  5:21  Probe  
  63  5:37  Robotics Facility  
  67  5:42  Immortal  
  67  6:02  Protoss Ground Weapons Level 1  
  67  6:13  Warp Prism  
  67  6:15  Charge  
  67  6:17  Extended Thermal Lance  
  67  6:19  Colossus  
  75  6:42  Zealot  
  75  6:43  Zealot x2  
  81  6:47  Colossus  
  87  7:23  Immortal  
  91  7:41  Pylon  
  91  7:44  Pylon  
  91  7:47  Pylon  
  91  8:00  Zealot x3  
  91  8:04  Protoss Shields Level 1  
  74  9:39  Stalker x3  
  80  9:55  Protoss Ground Armor Level 1  
  80  10:03  Stalker x2  
  80  10:04  Stalker  
  86  10:20  Nexus  
  86  10:22  Pylon  
  86  10:24  Pylon  
  86  10:26  Assimilator  
  86  10:27  Stalker x2  
  86  10:28  Stalker  
  92  10:30  Assimilator  
  92  10:52  Gateway  
  92  10:53  Gateway  
  92  10:54  Gateway  
  92  10:55  Gateway  
  92  10:59  Gateway  
  92  11:01  Gateway, Immortal  
  92  11:02  Immortal  
  57  11:08  Stalker x3  
  61  11:18  Gateway  
  61  11:20  Gateway  
  59  11:36  Stalker x2  
  63  11:41  Immortal x2, Shield Battery  
  63  11:42  Shield Battery  
Tags
 
Add a new tag
Caveats
  • Supply blocks, unpowered buildings, or Contaminate may cause inaccurate times.
  • Supply counts are checked every 10 seconds.